 Dungeon Crawl Stone Soup version 0.31-a0-486-g8d68a81214 (webtiles) character file.

Game seed: 9795828814763595404

103 bmack86 the Chopper (level 4, -2/39 HPs)
             Began as a Minotaur Fighter on Aug 8, 2023.
             Killed by divine providence
             ... invoked by an orc priest
              (12 damage)
             ... on level 3 of the Dungeon.
             The game lasted 00:04:40 (1972 turns).

bmack86 the Chopper (Minotaur Fighter)              Turns: 1972, Time: 00:04:41

Health: -2/39      AC:  6    Str: 23    XL:     4   Next: 51%
Magic:  12/12      EV:  9    Int:  5    God:
Gold:   192        SH:  4    Dex:  9    Spells: 3/3 levels left

rFire   . . .        e - +0 war axe (venom)
rCold   . . .        c - +0 buckler
rNeg    . . .        b - +0 scale mail
rPois   .            (helmet restricted)
rElec   .            i - scarf {shadows}
rCorr   .            (no gloves)
SInv    .            (no boots)
Will    .....        (no amulet) Stlth
                     j - ring of magical power
HPRegen 0.26/turn    (no ring)
MPRegen 0.13/turn

%: no passive effects
@: no status effects
A: horns 2, retaliatory headbutt
a: no special abilities


You were on level 3 of the Dungeon.
You visited 1 branch of the dungeon, and saw 3 of its levels.

You collected 192 gold pieces.

Inventory:

Hand Weapons
 a - a +0 war axe
 e - a +0 war axe of venom (weapon)
Armour
 b - a +0 scale mail (worn)
 c - a +0 buckler (worn)
 i - a scarf of shadows (worn)
 m - a +0 tower shield
Jewellery
 j - a ring of magical power (left hand)
 k - a ring of protection from fire
 l - a ring of fire
Wands
 r - a wand of polymorph (8)
Scrolls
 n - a scroll of teleportation {unknown}
 p - a scroll of immolation {unknown}
Potions
 d - a potion of might
 f - a potion of enlightenment
 g - a potion of lignification {unknown}
 h - 2 potions of brilliance {unknown}
 o - a potion of invisibility {unknown}
 q - a potion of attraction {unknown}


   Skills:
 - Level 3.6 Fighting
 + Level 5.8 Axes
 - Level 3.6 Armour
 - Level 3.6 Shields


You had 3 spell levels left.
You didn't know any spells.
Your spell library was empty.

Dungeon Overview and Level Annotations

Branches:
Dungeon (3/15)

Altars:
Dithmenos

Shops:
D:2 [


Innate Abilities, Weirdness & Mutations

You have a pair of horns on your head.
You reflexively headbutt those who attack you in melee.


Message History

You now have 192 gold pieces (gained 13).
There is an open door here.
There is an open door here.
There is an open door here. 2 orc priests come into view.
The orc priest shouts!
You hear a shout! x2 2 orcs come into view.
The orc shouts!
The orc priest looks satisfied for a moment.
The orc priest mumbles some strange prayers to Beogh against you.
Beogh smites you!
You hit the orc priest.
The orc priest is poisoned.
Your headbutt misses the orc priest.
The orc priest is moderately wounded.
The orc priest calls down the wrath of Beogh upon you.
Pain shoots through your body!
You slash the orc priest!
You kill the orc priest!
A worm comes into view.
Found a scroll labelled TOEFEO WEID.
The orc hits you but does no damage. The orc misses you.
Things that are here:
a +0 trident; an orc corpse You slash the orc!
You kill the orc!
You hit the orc but do no damage. The orc closely misses you.
The orc priest invokes the aid of Beogh against you.
Pain shoots through your body!
* * * LOW HITPOINT WARNING * * *
The orc hits you but does no damage.
You hit the orc priest but do no damage.
You barely miss the orc. The orc barely misses you.
You block the orc priest's attack.
You slash the orc priest!
The orc priest is poisoned.
Your headbutt misses the orc priest.
The orc priest is heavily wounded.
You barely miss the orc.
The orc priest invokes the aid of Beogh against you.
Beogh smites you!
You die...

# #. .### #.# #[ # #.#
.... #.# #. #
#.#+#..##?#### #.# #.
# #....... ..... #.#
#. # #(....# #..##
#.########.
#######.....##+#...
#..........
.....<#..........#
##############
........#'#......#...#
#########.......@o#
......†...#..#+##o..#
#########.#..# ##w..#
# #.#..# #.#
#########.#..# .
.............#
..........#..# ...
#########.#..#
#####... #.#..#
#............#


You could see a worm, an orc priest (very poisoned) and an orc.

Vanquished Creatures
  An orc priest (D:3)
  A worm (D:2)
  A dart slug (D:1)
  An orc (D:3)
  4 ball pythons
  6 bats
  6 endoplasms
  3 giant cockroaches
  4 goblins
  5 hobgoblins
  6 jackals
  3 quokkas
  2 frilled lizards
  5 kobolds
  11 rats
59 creatures vanquished.

Notes
Turn   | Place    | Note
-------+----------+-------------------------------------------
     0 | D:1      | bmack86 the Minotaur Fighter began the quest for the Orb.
     0 | D:1      | Reached XP level 1. HP: 19/19 MP: 0/0
    35 | D:1      | Reached skill level 3 in Axes
   100 | D:1      | Reached XP level 2. HP: 26/26 MP: 1/1
   342 | D:1      | Reached skill level 4 in Axes
   498 | D:1      | Reached XP level 3. HP: 30/31 MP: 2/2
   686 | D:2      | Found a shadowy altar of Dithmenos.
   710 | D:2      | Found Berrey's Armour Shop.
  1170 | D:2      | Reached skill level 5 in Axes
  1602 | D:3      | Found a faded altar of an unknown god.
  1746 | D:3      | Reached XP level 4. HP: 39/39 MP: 3/3
  1972 | D:3      | Killed from afar by an orc priest

Illustrated notes

Levels and vault maps discovered:
D:1:      wander_arrival_abandoned_jail, layout_rooms,
          amcnicky_mini_corridor_feature, dreamdust_mushroom_princess
D:2:      layout_loops_corners, basic_altar, serial_shops, shop
D:3:      layout_basic, ebering_ecumenical_altar_webs, uniq_crazy_yiuf_cottage

Skill      XL: |  1  2  3 |
---------------+----------+-----
Axes           | 3 4 5 |  5.8
Fighting       | |  3.6
Armour         | |  3.6
Shields        | |  3.6

Action                     |  1- 3 |  4- 6 || total
---------------------------+-------+-------++-------
  Melee: War axe           |    99 |     9 ||   108
         Headbutt          |     8 |       ||     8
    Use: Scroll            |     1 |       ||     1
 Armour: Scale mail        |    36 |     4 ||    40
  Dodge: Dodged            |    51 |     5 ||    56
  Block: Buckler           |    24 |     1 ||    25

Table legend: (Time is in decaauts)
 A = Elapsed time spent in this place.
 B = Non-inter-level travel time spent in this place.
 C = Inter-level travel time spent in this place.
 D = Time resting spent in this place.
 E = Time spent auto-exploring this place.
 F = Levels seen in this place.
 G = Mean time per level.
                   A        B        C        D        E       F      G
               +--------+--------+--------+--------+--------+-----+--------+
         Total |   2005 |   1960 |     45 |      0 |   1427 |   3 |  668.3 |
       Dungeon |   2005 |   1960 |     45 |      0 |   1427 |   3 |  668.3 |
               +--------+--------+--------+--------+--------+-----+--------+

Top non-repeatable levels by time:
     D:2: 890 daAuts
     D:1: 690 daAuts
     D:3: 424 daAuts
